 Dungeon Crawl Stone Soup version 0.27-a0-1299-g1ab19c6527 (webtiles) character file.

Game seed: 1012338867280857999

283 mordus the Ruffian (level 6, -4/59 HPs)
             Began as a Troll Monk on June 16, 2021.
             Engulfed by a steam dragon's steam (11 damage)
             ... on level 4 of the Dungeon.
             The game lasted 00:03:46 (2993 turns).

mordus the Ruffian (Troll Monk)                     Turns: 2993, Time: 00:03:47

Health: -4/59      AC:  4    Str: 20    XL:     6   Next: 7%
Magic:  5/5        EV: 11    Int:  6    God:
Gold:   185        SH:  0    Dex: 14    Spells: 5/5 levels left

rFire    . . .     SeeInvis .     - Unarmed
rCold    . . .     Faith    .   (no shield)
rNeg     . . .     Spirit   .   a - +0 robe
rPois    .         Reflect  .   (helmet restricted)
rElec    .         Harm     .   (no cloak)
rCorr    .         Rampage  .   (gloves unavailable)
Will     .....                  (boots unavailable)
Stlth    ++........             (no amulet)
HPRegen  1.19/turn              (no ring)
MPRegen  0.09/turn              (no ring)

@: no status effects
A: large, unfitting armour, claws 3, regeneration 1, shaggy fur 1, tough skin 1
a: no special abilities


You were on level 4 of the Dungeon.
You visited 2 branches of the dungeon, and saw 5 of its levels.

You collected 185 gold pieces.

Inventory:

Armour
 a - a +0 robe (worn)
Wands
 i - a wand of mindburst (21)
Scrolls
 b - 2 scrolls of blinking {unknown}
 d - 2 scrolls of enchant weapon {unknown}
 g - a scroll of amnesia {unknown}
 j - 2 scrolls of identify {unknown}
 k - a scroll of enchant armour {unknown}
 n - 2 scrolls of teleportation {unknown}
 o - 2 scrolls of fog {unknown}
Potions
 c - a potion of curing {unknown}
 e - a potion of ambrosia {unknown}
 f - a potion of lignification {unknown}
 h - a potion of haste {unknown}
 l - 2 potions of brilliance {unknown}
 m - a potion of flight {unknown}


   Skills:
 - Level 2.5 Fighting
 + Level 3.7 Dodging
 - Level 1.0 Stealth
 * Level 5.8 Unarmed Combat


You had 5 spell levels left.
You didn't know any spells.
Your spell library was empty.

Dungeon Overview and Level Annotations

Branches:
Dungeon (4/15)             Temple (1/1) D:4

Altars:
Dithmenos
Fedhas
Gozag
Kikubaaqudgha
Makhleb
Nemelex Xobeh
Okawaru
Ru
Sif Muna
Trog
Xom
The Shining One


Innate Abilities, Weirdness & Mutations

You are too large for most types of armour.
You have claws for hands.
Your natural rate of healing is unusually fast.
You are covered in fur. (AC +1)
You have tough skin. (AC +1)


Message History

The ball of steam hits you!
You're standing in a cloud of steam!
You are too injured to fight recklessly!
You're standing in a cloud of steam!
You are too injured to fight recklessly!
You're standing in a cloud of steam!
You are too injured to fight recklessly!
The steam dragon bites you.
The steam dragon claws you but does no damage.
You scratch the steam dragon but do no damage.
The steam dragon is lightly wounded.
The steam dragon closely misses you. The steam dragon barely misses you.
You barely miss the steam dragon.
The steam dragon is lightly wounded.
The steam dragon bites you but does no damage.
The steam dragon claws you.
You completely miss the steam dragon.
The steam dragon is lightly wounded.
You barely miss the steam dragon.
The steam dragon is lightly wounded.
The steam dragon closely misses you. x2
You closely miss the steam dragon.
The steam dragon is lightly wounded.
The steam dragon bites you but does no damage.
The steam dragon barely misses you.
You closely miss the steam dragon.
The steam dragon is lightly wounded.
The steam dragon breathes steam at you. The ball of steam hits you.
You barely miss the steam dragon.
The steam dragon is lightly wounded.
You are engulfed in a cloud of scalding steam.
The steam dragon closely misses you. The steam dragon claws you.
The steam dragon breathes steam at you. The ball of steam hits you!
* * * LOW HITPOINT WARNING * * *
You barely miss the steam dragon.
The steam dragon is lightly wounded.
You are engulfed in a cloud of scalding steam.
You die...

#######.###.##.≈≈≈≈P..PP≈≈≈
# ##.#.##..≈≈≈≈>._P<≈≈≈ #
#........≈≈≈≈PPPPP ≈≈ #
#.#.##....≈≈≈≈...≈ ####
#.#.##..#.≈≈≈≈≈≈≈≈
...####..#####...≈≈≈≈≈≈≈
...).....#..8#§§..≈≈≈≈≈≈
............_##.D...≈≈≈.
.........#..8###@.......
##.......##### ###....##
###.###..###.# #####
.............#
.........##### ....###.##
....)...# #########


You could see a steam dragon (catching breath).

Vanquished Creatures
  A hound (D:3)
  A jelly (D:4)
  A centaur skeleton (D:4)
  3 orc wizards
  A hound skeleton (D:4)
  2 adders
  A worm (D:2)
  3 dart slugs
  8 orcs
  2 endoplasms
  3 giant cockroaches
  7 goblins
  10 hobgoblins
  2 jackals (D:2)
  2 quokkas
  7 ball pythons
  5 bats
  4 frilled lizards
  7 kobolds
  6 rats
76 creatures vanquished.

Notes
Turn   | Place    | Note
-------+----------+-------------------------------------------
     0 | D:1      | mordus the Troll Monk began the quest for the Orb.
     0 | D:1      | Reached XP level 1. HP: 22/22 MP: 0/0
    96 | D:1      | Reached XP level 2. HP: 28/29 MP: 1/1
   198 | D:1      | Found a faded altar of an unknown god.
   755 | D:2      | Reached XP level 3. HP: 27/36 MP: 2/2
  1419 | D:2      | Reached skill level 4 in Unarmed Combat
  1733 | D:3      | Reached XP level 4. HP: 44/44 MP: 3/3
  1870 | D:3      | Reached XP level 5. HP: 41/50 MP: 4/4
  2295 | D:4      | Reached skill level 5 in Unarmed Combat
  2300 | D:4      | Found an ancient bone altar of Kikubaaqudgha.
  2366 | D:4      | Found a blossoming altar of Fedhas.
  2387 | D:4      | Found an opulent altar of Gozag.
  2569 | D:4      | Found a staircase to the Ecumenical Temple.
  2589 | D:4      | Reached XP level 6. HP: 55/59 MP: 5/5
  2605 | Temple   | Entered the Ecumenical Temple
  2975 | D:4      | Noticed a steam dragon
  2993 | D:4      | Engulfed by a steam dragon's steam

Illustrated notes

Levels and vault maps discovered:
D:1:      elethiomel_arrival_maze, layout_loops_ring, basic_ecumenical_altar,
          minmay_door_square
D:2:      layout_basic, nrook_campfire
D:3:      layout_basic
D:4:      layout_loops_ring, fedhas_ov_isle_minmay, grunt_gozag_breadcrumbs,
          nicolae_wu_jian_wuxing_cycle, amcnicky_altar_gilded,
          minmay_temple_entry_arrows, gup_ossuary_entry_pyramid,
          minmay_joined_circles
Temple:   jpeg_temple_island

Skill      XL: |  1  2  3  4  5 |
---------------+----------------+-----
Unarmed Combat | 4 5 |  5.8
Dodging        | 3 |  3.7
Fighting       | |  2.5
Stealth        | |  1.0

Action                   |  1- 3 |  4- 6 || total
-------------------------+-------+-------++-------
Melee: Unarmed           |    94 |   107 ||   201
       Punch             |     1 |     3 ||     4
 Stab: Sleeping          |     7 |       ||     7
Armor: Robe              |    16 |    33 ||    49
Dodge: Dodged            |    37 |    59 ||    96

Table legend: (Time is in decaauts)
 A = Elapsed time spent in this place.
 B = Non-inter-level travel time spent in this place.
 C = Inter-level travel time spent in this place.
 D = Time resting spent in this place.
 E = Time spent auto-exploring this place.
 F = Levels seen in this place.
 G = Mean time per level.
                   A        B        C        D        E       F      G
               +--------+--------+--------+--------+--------+-----+--------+
         Total |   3023 |   2933 |     90 |      3 |   2465 |   5 |  604.6 |
       Dungeon |   2758 |   2685 |     73 |      3 |   2228 |   4 |  689.5 |
        Temple |    265 |    249 |     16 |      0 |    237 |   1 |  265.0 |
               +--------+--------+--------+--------+--------+-----+--------+

Top non-repeatable levels by time:
     D:2: 868 daAuts
     D:1: 740 daAuts
     D:3: 654 daAuts
     D:4: 495 daAuts
  Temple: 265 daAuts
